 Dungeon Crawl Stone Soup version 0.29.1-4-g47bece8355 (webtiles) character file.

Game seed: 8087885420758818270

1319 trench the Poker (level 8, -1/67 HPs)
             Began as a Gnoll Cinder Acolyte on Dec 2, 2022.
             Was an Initiate of Zin.
             Slain by a fire elemental (8 damage)
             ... created by the fiery vengeance of Ignis
             ... on level 6 of the Dungeon.
             The game lasted 00:31:14 (7456 turns).

trench the Poker (Gnoll Cinder Acolyte)             Turns: 7456, Time: 00:31:15

Health: -1/67      AC:  5    Str: 16    XL:     8   Next: 59%
Magic:  23/23      EV: 15    Int: 14    God:    Zin [......]
Gold:   39         SH:  4    Dex:  7    Spells: 14/16 levels left

rFire   . . .      SeeInvis .   a - -1 spear (flame)
rCold   . . .      Faith    .   k - +0 buckler
rNeg    . . .      Spirit   .   x - +0 leather armour
rPois   .          Reflect  .   (no helmet)
rElec   .          Harm     .   (no cloak)
rCorr   .          Rampage  .   (no gloves)
Will    .....                   G - +1 pair of boots
Stlth   ++........              i - amulet of magic regeneration
HPRegen 0.21/turn               H - ring of magical power
MPRegen 0.58/turn               j - +4 ring of evasion

@: about to teleport, slowed, fire susceptible, very slow
A: fangs 1, strong nose, distributed training
a: Renounce Religion, Donate Gold


You were on level 6 of the Dungeon.
You worshipped Zin.
Zin was noncommittal.
You visited 2 branches of the dungeon, and saw 7 of its levels.

You collected 368 gold pieces.
You spent 325 gold pieces at shops.
You donated 4 gold pieces to Zin.

Inventory:

Hand Weapons
 a - a -1 spear of flaming (weapon)
 r - a +0 sling
 s - a +4 short sword
 u - a +2 short sword of draining
Missiles
 d - 9 boomerangs
 g - 42 stones
 o - 6 poisoned darts (quivered)
 p - 4 javelins
 E - a throwing net
Armour
 k - a +0 buckler (worn)
 x - a +0 leather armour (worn)
 y - a +1 chain mail of positive energy
 G - a +1 pair of boots (worn)
Magical Staves
 b - a staff of fire
Jewellery
 i - an amulet of magic regeneration (around neck)
 j - a +4 ring of evasion (right hand)
 B - a ring of wizardry
 D - a ring of resist corrosion
 H - a ring of magical power (left hand)
Wands
 z - a wand of mindburst (16)
Scrolls
 c - a scroll of magic mapping
 f - a scroll of immolation {unknown}
 m - 5 scrolls of teleportation
 v - a scroll of enchant weapon {unknown}
 A - a scroll of fog {unknown}
 C - a scroll of vulnerability {unknown}
Potions
 l - a potion of invisibility {unknown}
 n - 2 potions of curing
 q - 4 potions of might
 t - 3 potions of haste
 w - a potion of degeneration {unknown}
 F - 2 potions of heal wounds {unknown}


   Skills:
 + Level 7.5 Fighting
 + Level 3.5 Short Blades
 + Level 3.5 Long Blades
 + Level 3.5 Axes
 + Level 3.5 Maces & Flails
 + Level 7.5 Polearms
 + Level 3.5 Staves
 + Level 3.5 Ranged Weapons
 + Level 3.5 Throwing
 + Level 3.5 Armour
 + Level 3.5 Dodging
 + Level 3.5 Stealth
 + Level 3.5 Shields
 + Level 3.5 Unarmed Combat
 + Level 4.5 Spellcasting
 + Level 2.9 Conjurations
 + Level 2.9 Hexes
 + Level 2.9 Summonings
 + Level 2.9 Necromancy
 + Level 2.9 Translocations
 + Level 2.9 Transmutations
 + Level 6.2 Fire Magic
 + Level 2.9 Ice Magic
 + Level 2.9 Air Magic
 + Level 2.9 Earth Magic
 + Level 2.9 Poison Magic
 + Level 3.9 Invocations
 + Level 3.5 Evocations


You had 14 spell levels left.
You knew the following spells:

 Your Spells              Type           Power      Damage    Failure   Level
a - Scorch                Fire           40%        2d7       3%          2

Your spell library contained the following spells:

 Spells                   Type           Power      Damage    Failure   Level
 Shock                    Conj/Air       44%        1d5       9%          1
 Slow                     Hex            44%        N/A       9%          1
 Blink                    Tloc           22%        N/A       14%         2
 Confusing Touch          Hex            11%        N/A       26%         3
 Frozen Ramparts          Ice            22%        1d4       26%         3
 Swiftness                Air            11%        N/A       26%         3
 Vampiric Draining        Necr           11%        2d6       26%         3
 Airstrike                Air            5%         2d(1-17)  65%         4
 Ice Form                 Ice/Tmut       11%        N/A       65%         4
 Summon Ice Beast         Ice/Summ       11%        N/A       65%         4
 Manifold Assault         Tloc           11%        N/A       94%         5
 Storm Form               Tmut/Air       5%         N/A       100%        7


Dungeon Overview and Level Annotations

Branches:
Dungeon (6/15)             Temple (1/1) D:5

Altars:
Ashenzari
Cheibriados
Dithmenos
Elyvilon
Fedhas
Gozag
Kikubaaqudgha
Makhleb
Nemelex Xobeh
Okawaru
Qazlal
Ru
Sif Muna
Trog
Uskayaw
Vehumet
Wu Jian
Xom
Zin

Shops:
D:3 ?   D:5 *


Innate Abilities, Weirdness & Mutations

You have very sharp teeth.
Your uncanny sense of smell can sniff out nearby items.
Your experience applies equally to all skills.


Message History

There is a stone staircase leading down here.
You climb downwards.
The iguana hisses angrily.
There is a stone staircase leading up here.
Casting: Scorch (safe; 3% risk of failure)
Confirm with . or Enter, or press ? or * to list all spells.
Flames lash the iguana.
The iguana is moderately wounded.
The iguana's fire resistance burns away.
Casting: Scorch (safe; 3% risk of failure)
Confirm with . or Enter, or press ? or * to list all spells.
Flames lash the iguana.
The iguana is burned terribly!
The iguana is almost dead.
Casting: Scorch (safe; 3% risk of failure)
Confirm with . or Enter, or press ? or * to list all spells.
Flames lash the iguana.
The iguana is burned terribly!
You kill the iguana!
You start resting.
Magic restored.
Found an escape hatch in the floor.
F - 2 bubbling emerald potions (gained 1)
g - 42 stones (gained 4) "Attack, my last stalwart servants!"
The divine experience drains your vigour!
You feel yourself slow down. 2 fire elementals come into view.
The fire elemental misses you. The fire elemental closely misses you.
The fire elemental hits you. The fire elemental burns you!
The fire elemental hits you. The fire elemental burns you!
The fire elemental hits you. The fire elemental burns you!
The fire elemental hits you. The fire elemental burns you!
The fire elemental hits you. The fire elemental burns you!
* * * LOW HITPOINT WARNING * * *
As you read the scroll of teleportation, it crumbles to dust.
You feel strangely unstable. The fire elemental hits you.
The fire elemental burns you!
* * * LOW HITPOINT WARNING * * *
The fire elemental closely misses you. x2; The fire elemental hits you.
The fire elemental burns you!
You die...

#.# .. #.# .#
#######.###.#
#...........#
#.#####.##..# #.#
#.##..# #.#
#.##..#####^ #.#
#...........
#@########........
#EE........####.##
#○########.# # #.#
#.# #.# #.# #.#
#># #.########.#
#..☼.....
#.#######


You could see 2 fire elementals.

Vanquished Creatures
  Grinder (D:3)
  Sigmund (D:4)
  A black bear (D:5)
  An ogre (D:5)
  2 phantoms (D:5)
  2 necrophages
  2 scorpions (D:5)
  2 hounds
  An orc priest (D:4)
  Ijyb (D:3)
  2 iguanas (D:6)
  4 orc wizards
  4 gnolls (D:5)
  3 adders
  A dart slug (D:1)
  13 orcs
  4 endoplasms
  A giant cockroach (D:2)
  9 hobgoblins
  10 jackals
  A quokka (D:5)
  A ball python (D:1)
  2 bats
  A frilled lizard (D:1)
  2 goblins (D:1)
  4 kobolds
  4 rats
80 creatures vanquished.

Notes
Turn   | Place    | Note
-------+----------+-------------------------------------------
     0 | D:1      | trench the Gnoll Cinder Acolyte began the quest for the
                  | Orb.
     0 | D:1      | Reached XP level 1. HP: 23/23 MP: 4/4
   169 | D:1      | Reached XP level 2. HP: 29/29 MP: 5/5
  1088 | D:2      | Found a bloodstained altar of Trog.
  1499 | D:2      | Reached XP level 3. HP: 10/35 MP: 7/7
  2347 | D:2      | Learned a level 2 spell: Scorch
  2354 | D:2      | Reached skill level 1 in Invocations
  2358 | D:3      | Reached skill level 1 in Short Blades
  2358 | D:3      | Reached skill level 1 in Long Blades
  2358 | D:3      | Reached skill level 1 in Axes
  2358 | D:3      | Reached skill level 1 in Maces & Flails
  2358 | D:3      | Reached skill level 1 in Staves
  2358 | D:3      | Reached skill level 1 in Ranged Weapons
  2358 | D:3      | Reached skill level 1 in Throwing
  2358 | D:3      | Reached skill level 1 in Armour
  2358 | D:3      | Reached skill level 1 in Dodging
  2358 | D:3      | Reached skill level 1 in Stealth
  2358 | D:3      | Reached skill level 1 in Shields
  2358 | D:3      | Reached skill level 1 in Unarmed Combat
  2358 | D:3      | Reached skill level 1 in Evocations
  2358 | D:3      | Reached XP level 4. HP: 39/41 MP: 1/8
  2423 | D:3      | Reached skill level 1 in Conjurations
  2423 | D:3      | Reached skill level 1 in Hexes
  2423 | D:3      | Reached skill level 1 in Summonings
  2423 | D:3      | Reached skill level 1 in Necromancy
  2423 | D:3      | Reached skill level 1 in Translocations
  2423 | D:3      | Reached skill level 1 in Transmutations
  2423 | D:3      | Reached skill level 1 in Ice Magic
  2423 | D:3      | Reached skill level 1 in Air Magic
  2423 | D:3      | Reached skill level 1 in Earth Magic
  2423 | D:3      | Reached skill level 1 in Poison Magic
  2492 | D:3      | Found Vahoip's Magic Scroll Emporium.
  2771 | D:3      | Reached XP level 5. HP: 43/46 MP: 4/9
  2826 | D:3      | Noticed Grinder
  2840 | D:3      | Killed Grinder
  2841 | D:3      | Reached XP level 6. HP: 33/53 MP: 2/11
  3049 | D:3      | Found a bloodstained altar of Trog.
  3474 | D:4      | Noticed Ijyb
  3478 | D:5      | Entered Level 5 of the Dungeon
  3482 | D:5      | Noticed a black bear
  3543 | D:3      | HP: 2/53 [Ijyb/+0 club (3)]
  4033 | D:3      | Killed Ijyb
  4285 | D:4      | Noticed Sigmund
  4301 | D:4      | Killed Sigmund
  4302 | D:4      | Reached XP level 7. HP: 25/60 MP: 8/12
  5694 | D:5      | Reached XP level 8. HP: 67/67 MP: 11/14
  5897 | D:5      | Found a staircase to the Ecumenical Temple.
  6790 | D:5      | Found Juugusest's Assorted Antiques.
  6796 | D:5      | Bought a pair of runed boots for 195 gold pieces
  6796 | D:5      | Bought a twisted golden ring for 130 gold pieces
  6871 | Temple   | Entered the Ecumenical Temple
  6954 | Temple   | Fell from the grace of Ignis
  6954 | Temple   | Became a worshipper of Zin the Law-Giver
  7456 | D:6      | Slain by a fire elemental

Illustrated notes

Levels and vault maps discovered:
D:1:      amcnicky_arrival_wind_blow, layout_loops_corners, serial_park_tiny_2
D:2:      layout_basic, basic_altar, palyth_stone_intersect, minmay_fountain_box
D:3:      layout_loops_ring, lemuel_crystal_altar, serial_shops, shop,
          kennysheep_generic_room_10, uniq_grinder
D:4:      layout_gridville, uniq_ijyb, uniq_sigmund
D:5:      nicolae_cairo_tiling_very_big, layout_basic,
          minmay_temple_entry_statues_pillars, serial_shops,
          nicolae_stop_n_shop_2
D:6:      layout_loops_ring, serial_shops, nicolae_stop_n_shop_1,
          uniq_prince_ribbit1
Temple:   regret_index_temple_chain_breaker

Skill      XL: |  1  2  3  4  5  6  7 |
---------------+----------------------+-----
Invocations    | 1 2 3 |  3.9
Short Blades   | 1 2 3 |  3.5
Long Blades    | 1 2 3 |  3.5
Axes           | 1 2 3 |  3.5
Maces & Flails | 1 2 3 |  3.5
Staves         | 1 2 3 |  3.5
Ranged Weapons | 1 2 3 |  3.5
Throwing       | 1 2 3 |  3.5
Armour         | 1 2 3 |  3.5
Dodging        | 1 2 3 |  3.5
Stealth        | 1 2 3 |  3.5
Shields        | 1 2 3 |  3.5
Unarmed Combat | 1 2 3 |  3.5
Evocations     | 1 2 3 |  3.5
Spellcasting   | 3 4 |  4.5
Conjurations   | 1 2 |  2.9
Hexes          | 1 2 |  2.9
Summonings     | 1 2 |  2.9
Necromancy     | 1 2 |  2.9
Translocations | 1 2 |  2.9
Transmutations | 1 2 |  2.9
Ice Magic      | 1 2 |  2.9
Air Magic      | 1 2 |  2.9
Earth Magic    | 1 2 |  2.9
Poison Magic   | 1 2 |  2.9
Fighting       | 7 |  7.5
Polearms       | 7 |  7.5
Fire Magic     | 6 |  6.2

Action                   |  1- 3 |  4- 6 |  7- 9 || total
-------------------------+-------+-------+-------++-------
Melee: Spear             |    64 |    24 |    48 ||   136
       Bite              |     2 |     1 |     5 ||     8
       Short sword       |       |    11 |       ||    11
 Fire: Sling             |    12 |     5 |       ||    17
Throw: Boomerang         |       |    11 |       ||    11
       Javelin           |       |     2 |       ||     2
       Dart              |       |    16 |    13 ||    29
 Cast: Scorch            |     3 |    32 |    62 ||    97
Evoke: Wand              |       |       |     3 ||     3
  Use: Scroll            |       |     2 |     6 ||     8
       Potion            |       |     1 |       ||     1
 Stab: Sleeping          |     1 |     1 |       ||     2
Armor: Scale mail        |    17 |       |       ||    17
       Ring mail         |     1 |       |       ||     1
       Leather armour    |       |     7 |    21 ||    28
Dodge: Dodged            |    15 |    26 |    36 ||    77
Block: Buckler           |     2 |     8 |     7 ||    17
